 Dungeon Crawl Stone Soup version 0.21-a0-135-g8dc100c (webtiles) character file.

107 grindst0ne the Grave Robber (level 4, -6/38 HPs)
             Began as a Hill Orc Necromancer on July 17, 2017.
             Killed from afar by an orc wizard (8 damage)
             ... with a magic dart
             ... on level 3 of the Dungeon.
             The game lasted 00:10:36 (3263 turns).

grindst0ne the Grave Robber (Hill Orc Necromancer)  Turns: 3263, Time: 00:10:36

Health: -6/38      AC:  2    Str: 10    XL:     4   Next: 86%
Magic:  0/6        EV: 12    Int: 16    God:
Gold:   97         SH:  0    Dex: 11    Spells: 1/6 levels left

rFire    . . .     SeeInvis .   s - +0 falchion
rCold    . . .     Gourm    .   (no shield)
rNeg     . . .     Faith    .   a - +0 robe
rPois    .         Spirit   .   (no helmet)
rElec    .         Reflect  .   (no cloak)
rCorr    .         Harm     .   (no gloves)
MR       .....                  (no boots)
Stlth    ++........             (no amulet)
HPRegen  0.12/turn              (no ring)
MPRegen  0.10/turn              (no ring)

@: no status effects
A: no striking features
a: no special abilities


You were on level 3 of the Dungeon.
You were hungry.

You visited 1 branch of the dungeon, and saw 3 of its levels.

You collected 97 gold pieces.

Inventory:

Hand Weapons
 s - a +0 falchion (weapon)
Armour
 a - a +0 robe (worn)
Scrolls
 d - a scroll of enchant armour {unknown}
 g - 2 scrolls of random uselessness {unknown}
 i - a scroll of noise {unknown}
 j - 2 scrolls of fog {unknown}
 k - 3 scrolls of remove curse {unknown}
 m - a scroll of amnesia {unknown}
Potions
 h - a potion of degeneration
 n - 2 potions of brilliance
 o - a potion of curing
 p - a potion of berserk rage
 r - a potion of might
Books
 b - a book of Necromancy

   Spells                             Type                      Level
   a - Pain                           Necromancy                   1
   b - Animate Skeleton               Necromancy                   1
   c - Vampiric Draining              Necromancy                   3
   d - Regeneration                   Charms/Necromancy            3
   e - Animate Dead                   Necromancy                   4
   f - Control Undead                 Necromancy                   4
Comestibles
 c - 2 bread rations
 f - a meat ration
 l - 4 fruits
 q - 7 chunks of flesh


   Skills:
 + Level 3.4 Fighting
 - Level 1.5 Dodging
 - Level 1.5 Stealth
 - Level 1.5 Spellcasting
 + Level 5.1 Necromancy


You had one spell level left.
You knew the following spells:

 Your Spells              Type           Power        Failure   Level  Hunger
a - Pain                  Necr           ###.         2%          1    ##.....
b - Animate Skeleton      Necr           N/A          2%          1    ##.....
c - Vampiric Draining     Necr           ###.......   8%          3    ####...


Dungeon Overview and Level Annotations

Branches:
Dungeon (3/15)

Altars:
Makhleb

Annotations:
D:1 exclusion: downstairs


Message History

Aiming: Pain
Press: ? - help, Shift-Dir - straight line, f - orc
Aim: an orc, wielding a flail (chance to defeat MR: 87%)
The orc barely resists.
The orc hits you with a flail!
The orc wizard gestures wildly while chanting.
The orc wizard blinks!
The orc wizard hits you with a dagger of holy wrath.
You closely miss the orc wizard.
The orc wizard is severely wounded.
The orc wizard hits you with a dagger of holy wrath.
* * * LOW HITPOINT WARNING * * *
The orc closely misses you.
You barely miss the orc wizard.
The orc wizard is severely wounded.
The orc wizard mumbles some strange words.
The orc wizard blinks!
The orc hits you with a flail.
* * * LOW HITPOINT WARNING * * *
The orc wizard points at you and mumbles some strange words.
The magic dart hits you!
You die...

#o# # # #o#
.#. #.# #.#
#§# #.# #.#
#.# #.#
#####.######.#
#...(..o...o.#
#.#...@§o.(..#
# #.#.#####.##
#.#.# #.#
....# #.#
...### #.#
#.### #.# #.
#.# #.#


You could see an orc wizard and 2 orcs.

Vanquished Creatures
  3 adders
  2 worms
  2 leopard geckos (D:2)
  2 orcs (D:3)
  A ball python (D:2)
  4 bats
  4 giant cockroaches
  6 goblins
  11 hobgoblins
  A jackal (D:1)
  6 frilled lizards
  8 kobolds
  4 rats
54 creatures vanquished.

Vanquished Creatures (collateral kills)
  An adder (D:2)
  2 worms (D:2)
  A bat (D:2)
  A rat (D:2)
5 creatures vanquished.

Grand Total: 59 creatures vanquished

Notes
Turn   | Place    | Note
-------+----------+-------------------------------------------
     0 | D:1      | grindst0ne the Hill Orc Necromancer began the quest for the Orb.
     0 | D:1      | Reached XP level 1. HP: 14/14 MP: 3/3
   188 | D:1      | Reached skill level 1 in Fighting
   200 | D:1      | Reached XP level 2. HP: 19/23 MP: 0/4
   203 | D:1      | Learned a level 1 spell: Animate Skeleton
   747 | D:1      | Reached XP level 3. HP: 28/29 MP: 2/5
  1397 | D:2      | Learned a level 3 spell: Vampiric Draining
  1822 | D:2      | Reached XP level 4. HP: 18/37 MP: 1/6
  2319 | D:2      | Reached skill level 5 in Necromancy
  2693 | D:2      | Found a burning altar of Makhleb.
  3263 | D:3      | Killed from afar by an orc wizard

Vault maps used:
D:1:      erik_arrival_blinker_ship
D:2:      lemuel_coloured_pillars_altar, hangedman_abyss_or_decor_lesser_grid,
          feat_on_display

Skill      XL: |  1  2  3  4 |
---------------+-------------+-----
Fighting       | 1 2 3 |  3.4
Necromancy     | 5 |  5.1
Dodging        | |  1.5
Stealth        | |  1.5
Spellcasting   | |  1.5

Action                   |  1- 3 |  4- 6 || total
-------------------------+-------+-------++-------
Melee: Club              |    48 |    30 ||    78
       Falchion          |       |     8 ||     8
 Cast: Pain              |    57 |    39 ||    96
       Animate Skeleton  |     8 |     7 ||    15
       Vampiric Draining |     1 |     2 ||     3
  Use: Scroll            |       |     5 ||     5
  Eat: Chunk             |     4 |     6 ||    10
Armor: Robe              |    11 |    10 ||    21
Dodge: Dodged            |    55 |    52 ||   107
       Rpst.: Falchion   |       |     1 ||     1
